 Dungeon Crawl Stone Soup version 0.19-a0-264-gaf32591 (webtiles) character file.

648 tyvek the Chopper (level 7, -13/61 HPs)
             Began as a Minotaur Fighter on May 25, 2016.
             Mangled by an ogre
             ... wielding a +0 giant spiked club
              (21 damage)
             ... on level 4 of the Dungeon.
             The game lasted 00:04:55 (3765 turns).

tyvek the Chopper (Minotaur Fighter)                Turns: 3765, Time: 00:04:55

Health: -13/61     AC: 11    Str: 22    XL:     7   Next: 27%
Magic:  6/6        EV:  7    Int:  5    God:
Gold:   127        SH: 10    Dex: 10    Spells: 0 memorised, 6 levels left

rFire  . . .     SeeInvis .     a - +0 war axe
rCold  . . .     Gourm    .     b - +0 scale mail
rNeg   . . .     Faith    .     c - +0 shield
rPois  .         Spirit   .     (helmet restricted)
rElec  .         Dismiss  .     (no cloak)
rCorr  .         Reflect  .     (no gloves)
SustAt .         Harm     .     (no boots)
MR     .....                    (no amulet)
Stlth  ..........               (no ring)
                                s - +4 ring of protection

@: not resistant to hostile enchantments, extremely unstealthy
A: retaliatory headbutt, horns 2
a: no special abilities


You were on level 4 of the Dungeon.
You were not hungry.

You visited 1 branch of the dungeon, and saw 5 of its levels.

You collected 127 gold pieces.

Inventory:

Hand Weapons
 a - a +0 war axe (weapon)
Armour
 b - a +0 scale mail (worn)
 c - a +0 shield (worn)
Jewellery
 s - a +4 ring of protection (left hand)
   (You found it on level 3 of the Dungeon)
Scrolls
 e - a scroll of fear {unknown}
 i - 8 scrolls of identify {unknown}
 j - 2 scrolls of remove curse {unknown}
 l - a scroll of magic mapping {unknown}
 n - a scroll of teleportation {unknown}
 p - a scroll of recharging {unknown}
 r - a scroll of enchant armour {unknown}
 w - a scroll of amnesia {unknown}
 y - 3 scrolls of enchant weapon {unknown}
Potions
 d - a potion of ambrosia {unknown}
 h - a potion of agility {unknown}
 k - 2 potions of cure mutation {unknown}
 m - 6 potions of curing {unknown}
 q - 3 potions of might
 t - a potion of berserk rage {unknown}
 u - a potion of brilliance {unknown}
 x - 2 potions of degeneration {unknown}
Comestibles
 f - 3 bread rations {@e1}
 g - 2 slices of pizza
 o - 8 fruits


   Skills:
 + Level 5.4 Fighting
 * Level 6.6 Axes
 + Level 5.6 Armour
 + Level 5.3 Shields


You had 6 spell levels left.
You didn't know any spells.

Dungeon Overview and Level Annotations

Branches:
Dungeon (5/15)
 Temple: D:4-7

Altars:
Kikubaaqudgha
Qazlal
Trog
Vehumet
Zin


Innate Abilities, Weirdness & Mutations

You reflexively headbutt those who attack you in melee.
You have a pair of horns on your head.


Message History

You furiously retaliate!
You headbutt the howler monkey skeleton.
You block the howler monkey skeleton's attack.
You slash the howler monkey skeleton!
You destroy the howler monkey skeleton!
No target in view!
No target in view!
No target in view!
A giant cockroach comes into view.
The giant cockroach moves out of view.
The giant cockroach is too close now for your liking.
A giant cockroach is nearby!
A giant cockroach is nearby!
A giant cockroach is nearby!
You barely miss the giant cockroach.
The giant cockroach bites you but does no damage.
You slash the giant cockroach!
You kill the giant cockroach!
No target in view!
No target in view!
No target in view!
No target in view!
You see here a giant cockroach corpse.
You butcher the giant cockroach corpse.
v - a chunk of flesh {@w0} The hiss of flowing sand is almost imperceptible now.
The walls and floor vibrate strangely for a moment.
You see here 21 stones.
You open the door.
There is an open door here.
There is an open door here.
You see here 20 arrows.
Eating a chunk of flesh {@w0}.
You continue eating. x2
Things that are here:
a hand axe; a dagger; a robe
Things that are here:
a club; a leather armour Done exploring.
Done exploring.
Done exploring.
Done exploring.
(D) Dungeon
Where to? (Enter - D:4, ? - help)
Things that are here:
a club; a leather armour
Things that are here:
a hand axe; a dagger; a robe
There is a stone staircase leading down here.
You climb downwards. 4 orcs, an orc wizard and an ogre come into view.
The orc wizard shouts!
The orc shouts! x4; The ogre shouts!
There is a stone staircase leading up here.
The ogre hits you with a giant spiked club.
You take 4 damage, and have 57/61 hp.
You hit the orc wizard. You hit the ogre but do no damage. You hit the orc. x2
The orc wizard hits you but does no damage.
You block the orc's attack. The orc hits you.
An ogre comes into view. It is wielding a giant club.
You take 2 damage, and have 55/61 hp.
You closely miss the orc wizard.
The ogre shouts!
You headbutt the orc wizard, but do no damage.
You barely miss the orc. You hit the orc.
You kill the orc!
You barely miss the ogre. You block the ogre's attack.
The orc wizard hits you with a dagger. The orc barely misses you.
You take 1 damage, and have 54/61 hp.
You barely miss the orc wizard.
You headbutt the orc wizard, but do no damage.
You slash the orc!
You kill the orc!
You hit the ogre.
The ogre hits you with a giant spiked club!!
You block the orc wizard's attack.
You take 20 damage, and have 34/61 hp.
MASSIVE DAMAGE!!
You block the orc's attack.
There is a stone staircase leading up here.
The orc wizard hits you with a dagger.
The ogre hits you with a giant spiked club.
You climb upwards.
There is a stone staircase leading down here.
You take 6 damage, and have 28/61 hp.
You hit the ogre. You closely miss the orc. You closely miss the orc wizard.
The orc wizard hits you but does no damage.
The orc hits you but does no damage.
The ogre hits you with a giant spiked club!
* * * LOW HITPOINT WARNING * * *
You block the orc's attack. The orc wizard casts a spell at you.
The puff of flame hits you!
* * * LOW HITPOINT WARNING * * *
You take 20 damage, and have 8/61 hp.
MASSIVE DAMAGE!!
You closely miss the ogre. You slash the orc!
You kill the orc!
You hit the orc wizard.
The ogre hits you with a giant spiked club!!
You die...

#..##.##..# #)#..# #.#
##..##..#..###.#..# #รท#
.....##.#...##....# #.#
##...##...#.###...## #.#
##...###..#..##....# #.#
##...# #..##.......# #>#
##...# #..##.......## #.#
##...###..##....O)..# #.#
.....##...##.)..@o#.# #.#
#....##.#..#......#.## #.#
#....##+#..#......#..# #.#
#....#.....###..####.## #.#
#..###......##..# #..# #.#
#..# #......###.## ##.#
#.#### #..# #..[....##..#
#.# #.#... #..#
#.......##..####.######.#.##
#..#
#........#..............#<..


You could see an ogre and an orc wizard.

Vanquished Creatures
  Sigmund (D:3)
  A sky beast (D:4)
  A jelly (D:3)
  An orc wizard (D:4)
  A hound (D:4)
  An iguana (D:4)
  Terence (D:3)
  A worker ant (D:4)
  4 gnolls
  A howler monkey skeleton (D:4)
  7 adders
  2 oozes (D:4)
  2 worms
  6 dart slugs
  2 giant geckos
  7 orcs
  3 ball pythons (D:1)
  2 giant cockroaches
  7 goblins
  8 hobgoblins
  7 jackals
  2 quokkas
  6 bats (D:2)
  A giant gecko skeleton (D:4)
  A giant newt (D:1)
  2 jackal skeletons (D:4)
  9 kobolds
  8 rats
95 creatures vanquished.

Notes
Turn   | Place    | Note
--------------------------------------------------------------
     0 | D:1      | tyvek the Minotaur Fighter began the quest for the Orb.
     0 | D:1      | Reached XP level 1. HP: 19/19 MP: 0/0
    93 | D:1      | Reached XP level 2. HP: 26/27 MP: 1/1
   231 | D:1      | Reached skill level 4 in Armour
   286 | D:1      | Reached skill level 3 in Axes
   325 | D:1      | Reached skill level 4 in Fighting
   410 | D:1      | Reached XP level 3. HP: 33/33 MP: 2/2
   832 | D:1      | Reached skill level 4 in Shields
   833 | D:1      | HP: 7/33 [gnoll/whip (4)]
  1084 | D:2      | Reached XP level 4. HP: 31/40 MP: 3/3
  1086 | D:2      | Reached skill level 4 in Axes
  1730 | D:3      | Noticed Sigmund
  1756 | D:3      | Killed Sigmund
  1756 | D:3      | Reached skill level 5 in Axes
  1756 | D:3      | Reached XP level 5. HP: 23/47 MP: 4/4
  1756 | D:3      | Reached XP level 6. HP: 27/55 MP: 5/5
  1881 | D:3      | Noticed Terence
  1887 | D:3      | Killed Terence
  1887 | D:3      | Reached skill level 5 in Fighting
  1887 | D:3      | Reached skill level 5 in Armour
  2060 | D:3      | Found a bloodstained altar of Trog.
  2182 | D:3      | Found a faded altar to an unknown god.
  2308 | D:3      | Found an ancient bone altar of Kikubaaqudgha.
  2443 | D:3      | Found a glowing silver altar of Zin.
  2912 | D:4      | Reached skill level 5 in Shields
  2922 | D:4      | Found a radiant altar of Vehumet.
  2943 | D:4      | Reached skill level 6 in Axes
  3048 | D:4      | Noticed a sky beast
  3064 | D:4      | Killed a sky beast
  3064 | D:4      | Reached XP level 7. HP: 45/61 MP: 6/6
  3468 | D:4      | Found a stormy altar of Qazlal.
  3756 | D:5      | Entered Level 5 of the Dungeon
  3764 | D:4      | HP: 12/61 [ogre/giant spiked club (16)]
  3765 | D:4      | Mangled by an ogre

Vault maps used:
D:1:      dpeg_arrival_castle, roderic_ancient_swastika, minivault_25,
          st_stairs_4, minmay_misc_feat_five
D:2:      first_bread, kennysheep_generic_room_10
D:3:      nicolae_overflow_hidden_temple, lemuel_crystal_altar,
          ecumenical_altar_2, trog_three_pillars_becter, uniq_terence,
          uniq_sigmund
D:4:      vehumet_crystals, grunt_qazlal_sundering, nicolae_ossuary_entry_plus
D:5:      grunt_dithmenos_smoke, dk_xom_monty_hall

Skill      XL: |  1  2  3  4  5  6 |
---------------+-------------------+-----
Armour         | 4 5 |  5.6
Axes           | 3 5 6 |  6.6
Fighting       | 4 5 |  5.4
Shields        | 4 5 |  5.3

Action                   |  1- 3 |  4- 6 |  7- 9 || total
-------------------------+-------+-------+-------++-------
Melee: War axe           |    55 |   171 |    17 ||   243
       Headbutt          |     8 |    27 |     5 ||    40
  Use: Potion            |       |     1 |       ||     1
  Eat: Chunk             |       |     3 |     2 ||     5
       Bread ration      |       |     1 |       ||     1
Armor: Scale mail        |    24 |    66 |     4 ||    94
Dodge: Dodged            |    23 |    46 |     9 ||    78
Block: Shield            |    31 |    79 |     7 ||   117

Vault maps used:
D:1:      dpeg_arrival_castle, roderic_ancient_swastika, minivault_25,
          st_stairs_4, minmay_misc_feat_five
D:2:      first_bread, kennysheep_generic_room_10
D:3:      nicolae_overflow_hidden_temple, lemuel_crystal_altar,
          ecumenical_altar_2, trog_three_pillars_becter, uniq_terence,
          uniq_sigmund
D:4:      vehumet_crystals, grunt_qazlal_sundering, nicolae_ossuary_entry_plus
D:5:      grunt_dithmenos_smoke, dk_xom_monty_hall

Table legend:
 A = Turns spent in this place as a percentage of turns spent in the entire game.
 B = Non-inter-level travel turns spent in this place as a percentage of non-inter-level travel turns spent in the entire game.
 C = Inter-level travel turns spent in this place as a percentage of turns spent in this place.
 D = Turns resting spent in this place as a percentage of non-inter-level travel turns spent in this place.
 E = Turns spent auto-exploring this place as a percentage of non-inter-level travel turns spent in this place.
 F = Non-inter-level travel turns spent in this place divided by the number of levels of this place that you've seen.
                   A       B       C       D       E      F
               +-------+-------+-------+-------+-------+----------------------
         Total | 100.0 | 100.0 |   0.4 |   1.4 |  13.7 | 198.8
       Dungeon | 100.0 | 100.0 |   0.4 |   1.4 |  13.7 | 198.8
               +-------+-------+-------+-------+-------+----------------------

Table legend:
 A = Kills in this place as a percentage of kills in entire the game.
 B = Kills by you in this place as a percentage of kills by you in the entire game.
 C = Kills by friends in this place as a percentage of kills by friends in the entire game.
 D = Other kills in this place as a percentage of other kills in the entire game.
 E = Experience gained in this place as a percentage of experience gained in the entire game.
 F = Experience gained in this place divided by the number of levels of this place that you have seen.
                   A       B       C       D       E      F
               +-------+-------+-------+-------+-------+----------------------
         Total | 100.0 | 100.0 |  -nan |  -nan | 100.0 | 185.2
       Dungeon | 100.0 | 100.0 |  -nan |  -nan | 100.0 | 185.2
               +-------+-------+-------+-------+-------+----------------------
